Garnet, chaotic male elven Priest --------- |........############# #........| ------ ------- #|.......-# |....-####.......# #|.......|# #-....| |.....|# #|........## ###|....| ......|# ###---|-----## # |...>| |.....|# # # ### ##### +....| -------# -------- ### ### ------------ # ------ # |......| # # |...........#####%####### # |.......#### # +..........|# # # |......|## # |..........| ### #### |<...... # # ------------ # #---------- --------### # ### #|./.%.(%%| # # # #+@*[?)!!/| ###----.- ### |.*/%*?.!| #-....| # |.??m@%.!| |{.(..############################# ---------- ------ Garnet the Acolyte Experience level: 3 Strength: 15 Dexterity: 14 Constitution: 13 Intelligence: 8 Wisdom: 14 Charisma: 11 Health: 0(27) Energy: 43(43) Def: 4 Gold: 0 Moves: 1091 Dungeon seed: bygylHOkjqRFXdRl Game ID: Garnet_1614906472 Your Inventory: Weapons a - a blessed +2 mace (weapon in hand) Armor e - a +0 robe (being worn) n - a +0 small shield (being worn) r - a +0 orcish helm (being worn) Comestibles c - a clove of garlic d - a sprig of wolfsbane v - a tripe ration Scrolls w - a scroll of identify Potions b - 4 potions of holy water u - 2 potions of water Rings t - a cursed ring of aggravate monster Tools h - a bell s - a bag of holding Contents of the bag of holding: a cursed scroll of blank paper a spellbook of healing a spellbook of identify a worthless piece of yellow glass Spells and supernatural/magical abilities: Name Level Category Fail Memory h - healing 1 healing 0% 95% I - identify 3 divination 99% 95% W - pray for help -- divine ? -- X - turn undead -- divine ? -- Your skills at the end: Fighting Skills Weapon Skills mace [Basic] Spellcasting Skills clerical spells [Basic] Final Attributes: You were piously aligned. You had infravision. You were held by a giant mimic. You are dead. Vanquished creatures: 7 jackals 2 foxes 2 kobolds a goblin 2 grid bugs 4 lichens a kobold zombie a newt 20 creatures vanquished. Voluntary challenges: You followed a strict vegan diet. You used a wielded weapon 19 times, starting on turn 257. You read items or engraved 1 time, starting on turn 207. You never genocided any monsters. You never polymorphed an object. You never changed form. You used no wishes. You never split a pudding. You never wrote Elbereth's name. You never violated your personal moral code. Dungeon overview: The Dungeons of Doom: levels 1 to 2 Level 1 an altar to Anhur a long staircase Level 2 <- You were here a general store, a fountain History has recorded: On T:1 you entered the Dungeons of Doom to retrieve the Amulet of Yendor! On T:766 you advanced to experience level 2. On T:773 you reached level 2 of The Dungeons of Doom. On T:955 you advanced to experience level 3. Score breakdown: Gold: 0 ( 0 points) Experience: 3 levels ( 7878 points) Exploration: 2 levels ( 4.17%) ( 4375 points) Discoveries: 3 items ( 1.05%) ( 3067 points) Valuables value: (no points given unless you survive) Artifact value: 0 ( 0 points) Variety of kills: 8 monsters ( 2.10%) ( 4347 points) Turncount: 1091 turns ( 0 points) Survival: died (score multiplied by 80%) Total score: 15733 Latest messages: You see here a white gem (4000 zorkmids). You see here a long wand (150 zorkmids). You see here a food ration (45 zorkmids). You see here a white gem (4000 zorkmids). You see here a scroll labeled ZELGO MER (200 zorkmids). You see here a potion of water (5 zorkmids). You hear water falling on coins. "For you, good sir; only 5 for this potion of water." u - a potion of water (unpaid, 5 zorkmids). You see here a cursed ruby potion (50 zorkmids). You see here a purple-red potion (400 zorkmids). You see here a scroll of identify (20 zorkmids). You see here 2 tripe rations (30 zorkmids). You see here a scroll of identify (20 zorkmids). "For you, honored sir; only 20 for this scroll of identify." w - a scroll of identify (unpaid, 20 zorkmids). You see here 2 tripe rations (30 zorkmids). You see here a scroll of light (50 zorkmids). Wait! That's a giant mimic! The giant mimic hits! (2x) You cannot escape from the giant mimic! You miss the giant mimic. (2x) You hit the giant mimic. The giant mimic hits! You die... Inuvik comes and takes all your possessions. Final status: Goodbye Garnet the Priest, killed by a giant mimic... You died in The Dungeons of Doom on dungeon level 2 with 15733 points, and 0 pieces of gold, after 1091 moves. You were level 3 with a maximum of 27 hit points when you died.